 Dungeon Crawl Stone Soup version 0.30-a0-292-g0f741e3f8e (webtiles) character file.

Game seed: 87895859307894643

883 chippings the Poker (level 8, 0/60 HPs)
             Began as a Merfolk Gladiator on Oct 17, 2022.
             Was a Priest of Ru.
             Slain by an ogre
             ... wielding a +0 giant spiked club
              (19 damage)
             ... on level 5 of the Dungeon.
             The game lasted 00:15:46 (4331 turns).

chippings the Poker (Merfolk Gladiator)             Turns: 4331, Time: 00:15:46

Health: 0/60       AC:  7    Str: 14    XL:     8   Next: 5%
Magic:  8/8        EV: 12    Int: 10    God:    Ru [***...]
Gold:   191        SH:  7    Dex: 15    Spells: 7/7 levels left

rFire   + . .      SeeInvis .    r - +2 short sword (venom)
rCold   + . .      Faith    .    G - +0 kite shield
rNeg    . . .      Spirit   .    q - +2 robe {Will+}
rPois   .          Reflect  .    s - +2 helmet
rElec   .          Harm     .    g - scarf {rC+ rF+}
rCorr   .          Rampage  .    (no gloves)
Will    +....                    (no boots)
Stlth   +++.......               p - amulet of magic regeneration
HPRegen 0.30/turn                (no ring)
MPRegen 0.51/turn                (no ring)

@: no status effects
A: hated by all, inability to train armour, (nimble swimmer 2), mertail
a: Renounce Religion, Draw Out Power


You were on level 5 of the Dungeon.
You worshipped Ru.
Ru was most pleased with you.
You visited 1 branch of the dungeon, and saw 5 of its levels.

You collected 261 gold pieces.
You spent 70 gold pieces at shops.

Inventory:

Hand Weapons
 a - a +0 trident
 e - a +0 halberd
 r - a +2 short sword of venom (weapon)
Missiles
 d - 3 throwing nets
 h - 6 silver javelins
 j - 6 atropa-tipped darts (quivered)
 y - 2 curare-tipped darts
Armour
 g - a scarf of resistance (worn)
 q - a +2 robe of willpower (worn)
 s - a +2 helmet (worn)
 u - a +2 cloak
 G - a +0 kite shield (worn)
Magical Staves
 D - a staff of cold
Jewellery
 p - an amulet of magic regeneration (around neck)
 v - an amulet of reflection
Scrolls
 b - a scroll of immolation
 m - 2 scrolls of poison
 o - 2 scrolls of fog
 w - a scroll of vulnerability
 x - 2 scrolls of amnesia
 z - a scroll of enchant weapon
 A - a scroll of blinking
 B - 2 scrolls of teleportation
 E - a scroll of torment {unknown}
Potions
 c - 2 potions of mutation {unknown}
 f - a potion of heal wounds {unknown}
 i - 2 potions of resistance {unknown}
 k - 3 potions of curing
 l - a potion of might
 n - a potion of lignification {unknown}
 t - 2 potions of cancellation {unknown}
 C - 2 potions of haste
 F - a potion of ambrosia {unknown}


   Skills:
 - Level 4.0 Fighting
 + Level 6.0 Short Blades
 - Level 6.0 Polearms
 - Level 4.0 Throwing
 + Level 4.3 Dodging
 + Level 4.2 Stealth
 + Level 0.8 Shields


You had 7 spell levels left.
You didn't know any spells.
Your spell library contained the following spells:

 Spells                   Type           Power      Damage    Failure   Level
 Beastly Appendage        Tmut           0%         N/A       78%         1
 Freeze                   Ice            0%         1d3       78%         1
 Necrotise                Necr           0%         1d4       78%         1
 Slow                     Hex            0%         N/A       78%         1
 Wereblood                Tmut           0%         N/A       89%         2
 Confusing Touch          Hex            0%         N/A       98%         3
 Frozen Ramparts          Ice            0%         1d1       98%         3
 Hailstorm                Conj/Ice       0%         3d3       98%         3
 Spider Form              Tmut/Pois      0%         N/A       98%         3
 Vampiric Draining        Necr           0%         2d6       98%         3
 Ice Form                 Ice/Tmut       0%         N/A       100%        4
 Agony                    Necr           0%         N/A       100%        5
 Summon Ice Beast         Ice/Summ       Unusable   N/A       N/A         4

Dungeon Overview and Level Annotations

Branches:
Dungeon (5/15)
 Temple: D:4-7

Altars:
Ashenzari
Makhleb
Ru
Sif Muna

Shops:
D:1 [(*!=   D:2 !


Innate Abilities, Weirdness & Mutations

You are hated by all.
You cannot train Armour skill.
((You are very nimble when in or above water. (Stealth+, EV+, Speed+++)))
Your lower body shifts to a powerful aquatic tail in water.


Message History

You are more poisoned.
The water moccasin poisons you! The water moccasin barely misses you.
You hit the water moccasin but do no damage.
The water moccasin is severely wounded.
You feel very sick.
The water moccasin bites you but does no damage.
You hit the water moccasin.
The water moccasin is severely wounded.
You feel very sick.
The water moccasin bites you but does no damage.
You barely miss the water moccasin.
The water moccasin is severely wounded.
You feel sick. The water moccasin closely misses you.
You feel better. The water moccasin closely misses you.
The water moccasin bites you but does no damage.
The water moccasin bites you.
There is an open door here.
You hit the water moccasin.
The water moccasin is almost dead.
The water moccasin bites you.
You are poisoned.
The water moccasin poisons you!
You hit the water moccasin but do no damage.
The water moccasin is almost dead.
You feel very sick. You block the water moccasin's attack.
You hit the water moccasin.
You kill the water moccasin!
You feel very sick.
Your Short Blades skill increases to level 6!
You have reached level 8!
You feel better. You block the ogre's attack.
Unknown command.
Okay, then.
You barely miss the ogre. The ogre misses you.
You hit the ogre but do no damage.
The ogre is poisoned.
You hit the ogre.
The ogre looks as sick as possible!
The ogre is lightly wounded.
The ogre hits you with a +0 giant spiked club!!
You die...

#.# *,#.....#*,,*,* #.#
*,#.....#*,,,,* #.#
*,#.....#**,*** ########'##
*,#.....# *,*** #.........#
*,#.....# *,,,,
#.........###.#.....####***
#.............#.....'...O,,
#######.........#####.....#####**
......'.........@Oo.......#,,,,,,
#######.........#########.#,*****
#.........# *.#,* #.........#
*.#,* ########### *.#,* *,*,*
*,*,* *,*,* ***,*,*


You could see an ogre (extremely poisoned) and an orc.

Vanquished Creatures
  A water moccasin (D:5)
  Pargi (D:3)
  2 necrophages (D:5)
  A scorpion (D:5)
  A jelly (D:5)
  2 orc wizards
  Natasha (thrice) (D:2)
  2 iguanas (D:5)
  13 gnolls
  8 adders
  2 worms
  2 dart slugs (D:1)
  11 orcs
  3 bats
  9 endoplasms
  8 giant cockroaches
  7 goblins
  6 hobgoblins
  4 jackals (D:3)
  6 quokkas
  6 ball pythons
  4 frilled lizards
  4 kobolds
  4 rats
110 creatures vanquished.

Vanquished Creatures (others)
  An orc (D:5)
  11 plants (D:1)
  4 toadstools (D:1)
  18 withered plants (D:1)
34 creatures vanquished.

Grand Total: 144 creatures vanquished

Notes
Turn   | Place    | Note
-------+----------+-------------------------------------------
     0 | D:1      | chippings the Merfolk Gladiator began the quest for the
                  | Orb.
     0 | D:1      | Reached XP level 1. HP: 16/16 MP: 1/1
    23 | D:1      | Found Tudoweub's Weapon Shop.
    45 | D:1      | Found Moczuphu's Armour Shoppe.
   154 | D:1      | Found Yziaskox's Distillery.
   162 | D:1      | Found Xicufeug's Jewellery Emporium.
   203 | D:1      | Reached XP level 2. HP: 23/23 MP: 2/2
   496 | D:1      | Found Sixuumops's General Store.
   761 | D:1      | Found a faded altar of an unknown god.
   773 | D:1      | Prayed at the altar of an unknown god.
   773 | D:1      | Became a worshipper of Ru the Awakened
   797 | D:1      | Gained mutation: You cannot train Armour skill. [Ru
                  | sacrifice]
   797 | D:1      | Reached * piety under Ru
   846 | D:1      | Reached XP level 3. HP: 18/29 MP: 3/3
  1013 | D:2      | Reached skill level 5 in Polearms
  1153 | D:2      | Reached XP level 4. HP: 33/35 MP: 4/4
  1162 | D:2      | Found a burning altar of Makhleb.
  1308 | D:2      | Found Temoliu's Distillery.
  1322 | D:2      | Bought a potion of curing for 30 gold pieces
  1322 | D:2      | Bought a potion of might for 40 gold pieces
  1394 | D:2      | Reached XP level 5. HP: 22/42 MP: 5/5
  1396 | D:2      | Reached skill level 1 in Stealth
  1673 | D:2      | Noticed Natasha
  1688 | D:2      | Killed Natasha
  1748 | D:2      | Noticed Natasha
  1753 | D:2      | Killed Natasha
  1844 | D:2      | Reached XP level 6. HP: 48/48 MP: 6/6
  1877 | D:2      | Noticed Natasha
  1891 | D:2      | Killed Natasha
  2469 | D:3      | Noticed Pargi
  2480 | D:3      | Killed Pargi
  2481 | D:3      | Reached skill level 1 in Short Blades
  3192 | D:4      | Gained mutation: You are hated by all. [Ru sacrifice]
  3192 | D:4      | Reached ** piety under Ru
  3192 | D:4      | Reached *** piety under Ru
  3244 | D:4      | Reached XP level 7. HP: 33/54 MP: 7/7
  3675 | D:5      | Entered Level 5 of the Dungeon
  3752 | D:5      | Found a shimmering blue altar of Sif Muna.
  3932 | D:5      | Found a broken altar of Ashenzari.
  4081 | D:5      | Reached skill level 5 in Short Blades
  4328 | D:5      | Reached XP level 8. HP: 13/60 MP: 8/8
  4331 | D:5      | Slain by an ogre

Illustrated notes

Levels and vault maps discovered:
D:1:      ldierk_walled_garden_2, layout_basic, serial_shops,
          nicolae_shop_statue_plus, shop, nicolae_shop_bloodbath_and_beyond,
          shop, nicolae_shop_hallway_stairs,
          shapermc_ecumenical_altar_flowoftime
D:2:      layout_basic, basic_altar, serial_shops, shop, uniq_natasha
D:3:      minmay_door_path, layout_loops_ring, minmay_pentangle, uniq_pargi
D:4:      layout_basic, trog_wizard
D:5:      layout_basic, cheibrodos_ashenzari_chains, nemelex_dance_club_becter,
          mainiacjoe_overflow_concentric_impassable

Skill      XL: |  1  2  3  4  5  6  7 |
---------------+----------------------+-----
Fighting       | 3 4 |  4.0
Polearms       | 5 6 |  6.0
Stealth        | 2 3 4 |  4.2
Throwing       | 3 4 |  4.0
Short Blades   | 2 6 |  6.0
Dodging        | |  4.3
Shields        | |  0.8

Action                   |  1- 3 |  4- 6 |  7- 9 || total
-------------------------+-------+-------+-------++-------
Melee: Trident           |   107 |   113 |       ||   220
       Punch             |     2 |     5 |       ||     7
       Short sword       |       |    93 |   138 ||   231
Throw: Dart              |     2 |     1 |       ||     3
       Javelin           |     1 |       |       ||     1
Invok: Sacrifice Durabil |     1 |       |       ||     1
       Sacrifice Love    |       |     1 |       ||     1
  Use: Scroll            |     1 |     6 |     4 ||    11
       Potion            |     1 |       |     2 ||     3
 Stab: Sleeping          |     1 |     6 |     7 ||    14
       Invisible         |       |     3 |       ||     3
Armor: Leather armour    |    13 |    21 |       ||    34
       Robe              |       |    24 |    34 ||    58
Dodge: Dodged            |    30 |   113 |    65 ||   208
Block: Kite shield       |       |       |     7 ||     7

Table legend: (Time is in decaauts)
 A = Elapsed time spent in this place.
 B = Non-inter-level travel time spent in this place.
 C = Inter-level travel time spent in this place.
 D = Time resting spent in this place.
 E = Time spent auto-exploring this place.
 F = Levels seen in this place.
 G = Mean time per level.
                   A        B        C        D        E       F      G
               +--------+--------+--------+--------+--------+-----+--------+
         Total |   4299 |   4153 |    146 |    149 |   2399 |   5 |  859.8 |
       Dungeon |   4299 |   4153 |    146 |    149 |   2399 |   5 |  859.8 |
               +--------+--------+--------+--------+--------+-----+--------+

Top non-repeatable levels by time:
     D:2: 1097 daAuts
     D:1: 961 daAuts
     D:3: 855 daAuts
     D:4: 785 daAuts
     D:5: 599 daAuts
